Unix NetHack Version 5.0.0-0 post-release - last build May 10 2026 23:12:36 (d1fa5d53e341ca933230fdaa984d921c805b60aa,branch:main).

Game began 2026-05-17 00:05:19, ended 2026-05-17 00:17:41.

Brudee, lawful female human Monk

                      ------
                      |....|
                      |.....
                      |..<.|     -------------
                      |.....#####|C..?......C|
                      |...(|    #|....S@f....|
                      ------    #%...-----  .|
                                 |...|       |
                                 |..C|
                                 |...|
                                 |...-
                                 |....
                                 |C....
                                 -------

Brudee the Novice               St:18/01 Dx:16 Co:10 In:7 Wi:14 Ch:12  Lawful S:917
Dlvl:8  $:99 HP:0(32) Pw:25(26) AC:0  Xp:4/117 T:1543  Hungry   Burdened

Latest messages:
 The hobbit picks up a runed spear.
 The hobbit wields a runed spear!
 You kill the hobbit!
 You kill the giant ant!
 P - a purple-red potion.
 You have a little trouble lifting a runed spear.  Continue? [ynq] (q) y
 You have a little trouble lifting q - a runed spear.
 There is an open door here.
 There are several more objects here.
 Your movements are slowed slightly because of your load.
 You have a little trouble lifting Q - 10 darts.
 R - a runed dagger.
 J - a tripe ration (3 in total).
 Sparky eats a giant ant corpse.
 You have a little trouble lifting $ - 4 gold pieces (99 in total).
 Sparky eats a giant ant corpse.
 Sparky eats a hobbit corpse.
 That door is closed.
 You fall down the stairs.
 You swap places with Sparky.
 You see here a looking glass.
 You are beginning to feel hungry.
 The human zombie hits!
 You hit the human zombie!
 The human zombie misses!
 You miss the human zombie.
 You hit the human zombie!
 You destroy the human zombie!
 There is a doorway here.
 You see here a human corpse.
 The snake bites!
 You miss the snake.
 The snake misses!
 You hit the snake!
 The snake misses!
 You miss the snake.
 The snake bites!
 You hit the snake!
 The snake bites!
 You fail to cast the spell correctly.
 The snake misses!
 The snake misses!
 The snake misses!
 The snake bites!
 You swap places with Sparky.
 You see here a statue of a plains centaur.
 The snake bites!
 You die...
 Do you want your possessions identified? [ynq] (y) y
 Do you want to see your attributes? [ynq] (y) q

Inventory:
 Coins    ('$')
  $ - 99 gold pieces
 Weapons  (')')
  Q - 10 +1 darts
  R - a +0 elven dagger
  q - a +0 elven spear
 Armor    ('[')
  r - an uncursed +0 orcish helm (being worn)
  a - a blessed +2 pair of leather gloves (being worn)
  o - an uncursed +0 pair of kicking boots (being worn)
  E - an uncursed +0 shield of reflection (being worn)
  b - an uncursed +1 robe (being worn)
 Comestibles  ('%')
  f - 6 uncursed apples
  O - an uncursed cram ration
  e - 4 uncursed food rations
  h - 5 uncursed fortune cookies
  g - 7 uncursed oranges
  J - 3 uncursed tripe rations
 Scrolls  ('?')
  B - an uncursed scroll of amnesia
  M - a cursed scroll of blank paper
  c - an uncursed scroll of create monster
  L - a cursed scroll of enchant armor
  D - an uncursed scroll of enchant weapon
  y - 2 uncursed scrolls of gold detection
  t - 2 blessed scrolls of identify
  v - an uncursed scroll of identify
  n - 2 uncursed scrolls of light
  k - an uncursed scroll of punishment
  N - an uncursed scroll of teleportation
 Spellbooks  ('+')
  l - an uncursed spellbook of clairvoyance
  C - an uncursed spellbook of extra healing
  s - an uncursed spellbook of force bolt
  i - a blessed spellbook of healing
 Potions  ('!')
  F - an uncursed potion of polymorph
  P - an uncursed potion of sleeping
  d - 5 uncursed potions of water
 Rings    ('=')
  x - an uncursed +1 ring of increase accuracy
 Wands    ('/')
  m - a wand of undead turning (0:6)
 Tools    ('(')
  K - an uncursed lock pick
  j - an uncursed oil lamp
  H - a cursed tallow candle
 Gems/Stones  ('*')
  I - a cursed worthless piece of orange glass

Brudee the Monk's attributes:

Background:
 You were a Novice, a level 4 female human Monk.
 You were lawful, nominally on a mission for Shan Lai Ching
 who was opposed by Chih Sung-tzu (neutral) and Huan Ti (chaotic).
 You were right-handed.
 You were in the Dungeons of Doom, on level 8.
 You entered the dungeon 1543 turns ago.
 It was the midnight hour.
 There was a new moon in effect when your adventure ended.
 You had 117 experience points, 43 more were needed to attain level 5.
 Your score was 917 before end-of-game adjustments.

Basics:
 You had 0 out of 32 hit points.
 You had 25 out of 26 energy points (spell power).
 Your armor class was 0.
 Your wallet contained 99 zorkmids.
 Autopickup was on for '$!=+?/"' plus thrown.

Final Characteristics:
 Your strength was 18/01 (limit:18/100).
 Your dexterity was 16 (limit:18).
 Your constitution was 10 (limit:18).
 Your intelligence was 7 (limit:18).
 Your wisdom was 14 (limit:18).
 Your charisma was 12 (limit:18).

Final Status:
 You were hungry.
 You were burdened; movement was slightly slowed.
 You were empty handed.
 You had basic skill with martial arts.

Final Attributes:
 You were devoutly aligned.
 You were sleep resistant.
 You were poison resistant.
 You saw invisible.
 You were guarded.
 Your spell casting was enhanced by wearing a robe.
 You were fast.
 You had reflection.
 You are dead.

Miscellaneous:
 You didn't encounter any bones levels.
 Total elapsed playing time was 12 minutes and 21 seconds.

Major events:
 Turn
    1: Brudee the lawful female human Monk entered the dungeon
 1174: attained the rank of Novice (level 3)
 1543: killed by a snake

Spells:
 Name                 Level Category     Fail Retention
 healing                1   healing       53%  91%-100%

Skills:
 Fighting Skills
   martial arts       [Basic]
 Weapon Skills
   quarterstaff       [Unskilled]
   spear              [Unskilled]
   crossbow           [Unskilled]
   shuriken           [Unskilled]
 Spellcasting Skills
   attack spells      [Unskilled]
   healing spells     [Basic]
   divination spells  [Unskilled]
   enchantment spells [Unskilled]
   clerical spells    [Unskilled]
   escape spells      [Unskilled]
   matter spells      [Unskilled]

Voluntary challenges:
 Character rerolling was not enabled.
 You followed a strict vegan diet.
 You were an atheist.
 You never hit with a wielded weapon.
 You were illiterate.
 You never genocided any monsters.
 You never polymorphed an object.
 You never changed form.
 You used no wishes.
Achievements:
 You entered a shop.
 You attained the rank of Novice.

 The Dungeons of Doom: levels 1 to 8
    Level 1:
    Level 2:
       A scroll shop, a sink.
    Level 3:
       A sink.
    Level 4:
       A fountain.
    Level 5:
    Level 6:
       A fountain.
    Level 7:
       A fountain.
    Level 8: <- You were here.
       Final resting place for
          you, killed by a snake.


Vanquished creatures:
  a human zombie
  a rock mole
  2 giant ants
  2 iguanas
  a hobbit
  a manes
  a yellow mold
  a red mold
  3 geckos
  2 jackals
  a kobold
  3 goblins
  3 sewer rats
  a grid bug
  3 newts
26 creatures vanquished.

No species were genocided or became extinct.

Game over:
                       ----------
                      /          \
                     /    REST    \
                    /      IN      \
                   /     PEACE      \
                  /                  \
                  |      Brudee      |
                  |      99 Au       |
                  |   killed by a    |
                  |      snake       |
                  |                  |
                  |                  |
                  |       2026       |
                 *|     *  *  *      | *
        _________)/\\_//(\/(/\)/\//\/|_)_______

Goodbye Brudee the Monk...

You died in The Dungeons of Doom on dungeon level 8 with 908 points,
and 99 pieces of gold, after 1543 moves.
You were level 4 with a maximum of 32 hit points when you died.

